 Dungeon Sprint DCSS version 0.26-a0-720-g2a1d101370 (webtiles) character file.

Game seed: 7385420956641928333

31521 mhtbhm the Human Blade (level 13, -10/122 HPs)
             Began as a Human Berserker on Nov 2, 2020.
             Was the Champion of Trog.
             Mangled by a thorn hunter (14 damage)
             ... in the Dungeon (Sprint IX: "|||||||||||||||||||||||||||||").
             The game lasted 00:07:17 (4050 turns).

mhtbhm the Human Blade (Human Berserker)            Turns: 4050, Time: 00:07:17

Health: -10/122    AC: 20    Str: 29    XL:     13   Next: 97%
Magic:  13/13      EV: 17    Int:  8    God:    Trog [******]
Gold:   107        SH:  0    Dex: 12    Spells: 12/12 levels left

rFire    + . .     SeeInvis .   a - +7 great sword of the Iron City of Dis {vorpal, rPois}
rCold    + . .     Faith    .   (shield currently unavailable)
rNeg     + . .     Spirit   .   b - +3 scale mail {rC+}
rPois    +         Reflect  .   v - +0 helmet
rElec    .         Harm     .   w - +0 cloak
rCorr    .         Rampage  .   l - +0 pair of gloves
MR       +++..     Clarity  +   m - +1 pair of boots Stlth +.........NoTele +
                                y - amulet of the Four Winds {rN+ MR+++ Clar}
HPRegen  0.30/turn              C - ring of protection from fire
MPRegen  0.13/turn              E - +6 ring of strength

@: no status effects
A: no striking features
a: Berserk, Trog's Hand, Brothers in Arms, Renounce Religion


You were in the Dungeon.
You worshipped Trog.
Trog was exalted by your worship.
You visited 1 branch You collected 1921 gold pieces.
You spent 1814 gold pieces at shops.

Inventory:

Hand Weapons
 a - the +7 great sword of the Iron City of Dis (weapon) {vorpal, rPois}
   (Trog gifted it to you in the Dungeon)

   It inflicts extra damage upon your enemies.
   It protects you from poison.
 t - a +2 scimitar of holy wrath
 u - a +3 triple sword of flaming
Missiles
 F - 5 curare-tipped darts (quivered)
Armour
 b - a +3 scale mail of cold resistance (worn)
 c - a +1 tower shield
 l - a +0 pair of gloves (worn)
 m - a +1 pair of boots (worn)
 v - a +0 helmet (worn)
 w - a +0 cloak (worn)
Jewellery
 y - the amulet of the Four Winds (around neck) {rN+ MR+++ Clar}
   (You bought it in a shop in the Dungeon)

   [amulet of nothing]

   It protects you from negative energy.
   It affects your resistance to hostile enchantments.
   It protects you against confusion.
 z - the amulet of Mysticism {Acrobat rPois Dex+2 Slay+2}
   (You bought it in a shop in the Dungeon)

   [amulet of the acrobat]

   It helps you evade while moving and waiting.
   It affects your dexterity (+2).
   It affects your accuracy and damage with ranged weapons and melee attacks
   (+2).
   It protects you from poison.
 C - a ring of protection from fire (left hand)
 D - an uncursed ring of protection from cold
 E - a +6 ring of strength (right hand)
Wands
 k - a wand of iceblast (6)
Scrolls
 h - 8 scrolls of blinking
 j - 4 scrolls of remove curse
 q - a scroll of magic mapping
 r - 4 scrolls of fog
 s - a scroll of identify
 A - 2 scrolls of enchant armour
 B - 2 scrolls of enchant weapon
Potions
 d - 8 potions of heal wounds
 e - a potion of haste
 f - 4 potions of magic
 g - 2 potions of berserk rage
 i - 7 potions of curing
 n - a potion of invisibility
 o - 2 potions of might
 p - a potion of mutation
Miscellaneous
 x - a condenser vane (2/2)


   Skills:
 + Level 18.0 Fighting
 + Level 22.5 Long Blades
 + Level 13.5 Armour
 + Level 11.6 Dodging
 + Level 3.7 Stealth
 + Level 4.4 Evocations


You had 12 spell levels left.
You didn't know any spells.
Your spell library was empty.

Dungeon Overview and Level Annotations

Branches:
Dungeon (1/1)

Altars:
Cheibriados
Dithmenos
Elyvilon
Fedhas
Gozag
Hepliaklqana
Kikubaaqudgha
Makhleb
Nemelex Xobeh
Okawaru
Qazlal
Ru
Sif Muna
Trog
Uskayaw
Vehumet
Wu Jian
Xom
Yredelemnul
Zin
The Shining One
Beogh
Jiyva
Lugonu

Shops:
D ?[=}


Message History

The thorn hunter is engulfed in freezing vapours. x4
The thorn hunter fires a volley of thorns at you.
The volley of thorns hits you!!
* * * LOW HITPOINT WARNING * * *
The alligator is engulfed in freezing vapours.
The alligator seems to slow down.
The alligator puts on a burst of speed!
The slime creature is engulfed in freezing vapours.
You slash the thorn hunter!
The thorn hunter is severely damaged.
The thorn hunter is engulfed in freezing vapours.
The thorn hunter hits you!
* * * LOW HITPOINT WARNING * * *
The thorn hunter hits you but does no damage.
Unknown command.
You barely miss the thorn hunter.
The thorn hunter is severely damaged.
The thorn hunter is engulfed in freezing vapours.
The thorn hunter hits you but does no damage.
The thorn hunter hits you!
You die...

▓▓▓▓▓▓▓▓▓▓▓▓▓▓▓▓▓♣♣♣♣♣♣♣
.(((.(()).PP†...@fJ§§§t.
▓▓▓▓▓▓▓▓▓▓▓▓▓▓▓▓▓♣♣♣♣♣♣♣♣♣♣▓▓▓▓▓▓
.................................
▓▓▓▓▓▓▓▓▓▓▓▓▓▓▓▓▓▓▓▓▓▓▓▓▓▓▓▓▓▓▓▓▓
)))))..[[..[[[.......(.())))[....
▓▓▓▓▓▓▓▓▓▓▓▓▓▓▓▓▓▓▓▓▓▓▓▓▓▓▓▓▓▓▓▓▓
.....)...........................
▓▓▓▓▓▓▓▓▓▓▓▓▓▓▓▓▓▓▓▓▓▓▓▓▓▓▓▓▓▓▓▓▓
).......))))))))......))))))∩)∩.∩


You could see a thorn hunter, an alligator (swift, slow) and a slime creature.

Vanquished Creatures
  Agnes (D)
  An emperor scorpion (D)
  A very ugly thing (D)
  An ettin (D)
  An anaconda (D)
  Erica (D)
  3 centaur warriors (D)
  A tengu warrior (D)
  6 orc high priests (D)
  An alligator (D)
  A deep troll shaman (D)
  A vampire mage (D)
  A shock serpent (D)
  A naga sharpshooter (D)
  Sonja (D)
  A naga ritualist (D)
  2 orc knights (D)
  An orb spider (D)
  4 wolf spiders (D)
  An orc sorcerer (D)
  A manticore (D)
  An ugly thing (D)
  Joseph (D)
  5 black mambas (D)
  A naga mage (D)
  Psyche (D)
  A gargoyle (D)
  4 cane toads (D)
  4 komodo dragons (D)
  2 rime drakes (D)
  A tengu conjurer (D)
  A jumping spider (D)
  A troll (D)
  3 polar bears (D)
  A blink frog (D)
  A bog body (D)
  2 redbacks (D)
  A yak (D)
  A vampire mosquito (D)
  Grum (D)
  A soldier ant (D)
  3 water moccasins (D)
  8 orc warriors (D)
  An ice beast (D)
  6 black bears (D)
  An ogre (D)
  4 wolves (D)
  A centaur (D)
  A big kobold (D)
  4 bullfrogs (D)
  A wight (D)
  2 quasits (D)
  10 orc priests (D)
  5 orc wizards (D)
  A worker ant (D)
  An adder (D)
  An adder zombie (D)
  2 orcs (D)
  A bat zombie (D)
  2 giant cockroaches (D)
  A goblin (D)
  A jackal (D)
  A quokka (D)
  A kobold (D)
  A rat (D)
126 creatures vanquished.

Vanquished Creatures (collateral kills)
  An orc knight (D)
  A tengu conjurer (D)
  3 orc warriors (D)
  An orc wizard (D)
  An orc (D)
7 creatures vanquished.

Grand Total: 133 creatures vanquished

Notes
Turn   | Place    | Note
-------+----------+-------------------------------------------
     0 | D        | mhtbhm the Human Berserker began the quest for the Orb.
     0 | D        | Reached XP level 1. HP: 18/18 MP: 1/1
    10 | D        | Reached ** piety under Trog
    90 | D        | Noticed an ogre
    90 | D        | Noticed a centaur
    98 | D        | Reached skill level 4 in Long Blades
    98 | D        | Reached XP level 2. HP: 25/25 MP: 2/2
   100 | D        | Reached *** piety under Trog
   107 | D        | Killed an ogre
   107 | D        | Reached skill level 6 in Long Blades
   107 | D        | Reached XP level 3. HP: 34/34 MP: 3/3
   107 | D        | Reached XP level 4. HP: 40/40 MP: 4/4
   107 | D        | Reached XP level 5. HP: 46/46 MP: 5/5
   117 | D        | HP: 2/46 [centaur (2)]
   117 | D        | Killed a centaur
   117 | D        | Reached skill level 7 in Long Blades
   149 | D        | Found a roughly hewn altar of Beogh.
   149 | D        | Found a snail-covered altar of Cheibriados.
   149 | D        | Found a shadowy altar of Dithmenos.
   149 | D        | Found a white marble altar of Elyvilon.
   149 | D        | Found a blossoming altar of Fedhas.
   149 | D        | Found an opulent altar of Gozag.
   150 | D        | Found a hazy altar of Hepliaklqana.
   151 | D        | Found a viscous altar of Jiyva.
   152 | D        | Found an ancient bone altar of Kikubaaqudgha.
   153 | D        | Found a corrupted altar of Lugonu.
   154 | D        | Found a burning altar of Makhleb.
   155 | D        | Found a sparkling altar of Nemelex Xobeh.
   156 | D        | Found an iron altar of Okawaru.
   157 | D        | Found a stormy altar of Qazlal.
   158 | D        | Found a sacrificial altar of Ru.
   159 | D        | Found a shimmering blue altar of Sif Muna.
   160 | D        | Found a bloodstained altar of Trog.
   161 | D        | Found a hide-covered altar of Uskayaw.
   162 | D        | Found a radiant altar of Vehumet.
   163 | D        | Found an ornate altar of the Wu Jian Council.
   164 | D        | Found a shimmering altar of Xom.
   165 | D        | Found a basalt altar of Yredelemnul.
   166 | D        | Found a glowing silver altar of Zin.
   167 | D        | Found a glowing golden altar of the Shining One.
   392 | D        | Noticed a big kobold
   392 | D        | Noticed a yak
   394 | D        | Killed a big kobold
   394 | D        | Reached **** piety under Trog
   394 | D        | Reached skill level 8 in Long Blades
   394 | D        | Reached skill level 5 in Dodging
   394 | D        | Reached XP level 6. HP: 56/56 MP: 6/6
   401 | D        | Killed a yak
   401 | D        | Reached skill level 9 in Long Blades
   401 | D        | Reached XP level 7. HP: 63/63 MP: 7/7
   406 | D        | Reached skill level 10 in Long Blades
   412 | D        | Reached ***** piety under Trog
   475 | D        | Noticed a gargoyle
   475 | D        | Noticed a centaur warrior
   483 | D        | Killed a gargoyle
   483 | D        | Reached skill level 11 in Long Blades
   483 | D        | Reached skill level 5 in Armour
   483 | D        | Reached XP level 8. HP: 39/72 MP: 8/8
   492 | D        | Killed a centaur warrior
   492 | D        | Received a gift from Trog
   492 | D        | Reached skill level 10 in Fighting
   492 | D        | Reached skill level 12 in Long Blades
   492 | D        | Reached XP level 9. HP: 33/79 MP: 9/9
   496 | D        | Reached skill level 13 in Long Blades
   853 | D        | Got the amulet "Witicemi" {Acrobat rElec}
   870 | D        | Noticed a polar bear
   870 | D        | Noticed a cane toad
   870 | D        | Noticed a cane toad
   870 | D        | Noticed a komodo dragon
   873 | D        | Noticed a cane toad
   876 | D        | Killed a polar bear
   880 | D        | Killed a cane toad
   882 | D        | Noticed a black mamba
   885 | D        | Killed a cane toad
   885 | D        | Reached skill level 14 in Long Blades
   885 | D        | Noticed a blink frog
   886 | D        | Received a gift from Trog
   898 | D        | Killed a komodo dragon
   898 | D        | Reached XP level 10. HP: 65/89 MP: 10/10
   906 | D        | Killed a cane toad
   909 | D        | Killed a black mamba
   909 | D        | Reached skill level 15 in Long Blades
  1120 | D        | Noticed a komodo dragon
  1120 | D        | Noticed a komodo dragon
  1120 | D        | Noticed a rime drake
  1124 | D        | Noticed a rime drake
  1127 | D        | Killed a komodo dragon
  1131 | D        | Killed a komodo dragon
  1131 | D        | Received a gift from Trog
  1131 | D        | Noticed a komodo dragon
  1133 | D        | Killed a rime drake
  1138 | D        | Reached skill level 16 in Long Blades
  1141 | D        | Killed a rime drake
  1143 | D        | Killed a komodo dragon
  1149 | D        | Reached ****** piety under Trog
  1369 | D        | Reached XP level 11. HP: 97/97 MP: 11/11
  1371 | D        | Received a gift from Trog
  1381 | D        | Reached skill level 1 in Stealth
  1498 | D        | Noticed Psyche
  1506 | D        | Killed Psyche
  1506 | D        | Reached skill level 17 in Long Blades
  1532 | D        | Noticed Grum
  1537 | D        | Killed Grum
  1538 | D        | Received a gift from Trog
  1699 | D        | Received a gift from Trog
  1701 | D        | Noticed an orc high priest
  1703 | D        | Noticed an orc knight
  1713 | D        | Killed an orc high priest
  1713 | D        | Reached skill level 10 in Armour
  1723 | D        | Killed an orc knight
  1725 | D        | Received a gift from Trog
  1725 | D        | Reached skill level 18 in Long Blades
  1991 | D        | Noticed an orc knight
  1996 | D        | Received a gift from Trog
  2007 | D        | Killed an orc knight
  2008 | D        | Noticed an orc sorcerer
  2014 | D        | Noticed a soul eater
  2028 | D        | Killed an orc sorcerer
  2028 | D        | Received a gift from Trog
  2028 | D        | Reached skill level 10 in Dodging
  2344 | D        | Found Quproiwu's Magic Scroll Emporium.
  2344 | D        | Noticed an orc high priest
  2344 | D        | Noticed an orc high priest
  2348 | D        | Noticed an orc high priest
  2351 | D        | Found Vacearph's Antique Armour Shoppe.
  2354 | D        | Killed an orc high priest
  2357 | D        | Noticed an orc high priest
  2360 | D        | Killed an orc high priest
  2360 | D        | Reached skill level 19 in Long Blades
  2360 | D        | Reached XP level 12. HP: 96/108 MP: 12/12
  2361 | D        | Found Wotauvav's Jewellery Emporium.
  2362 | D        | Received a gift from Trog
  2367 | D        | Killed an orc high priest
  2374 | D        | Killed an orc high priest
  2378 | D        | Found Fajolyj's Gadget Shoppe.
  2378 | D        | Noticed an orc high priest
  2384 | D        | Killed an orc high priest
  2384 | D        | Reached skill level 15 in Fighting
  2385 | D        | Received a gift from Trog
  2453 | D        | Bought a condenser vane (2/2) for 260 gold pieces
  2455 | D        | Bought the amulet of the Four Winds {rN+ MR+++ Clar} for
                  | 439 gold pieces
  2455 | D        | Found the amulet of the Four Winds {rN+ MR+++ Clar}
  2455 | D        | Bought the amulet of Mysticism {Acrobat rPois Dex+2 Slay+2}
                  | for 538 gold pieces
  2470 | D        | Bought a scroll of blinking for 82 gold pieces
  2470 | D        | Bought a scroll of blinking for 82 gold pieces
  2470 | D        | Bought a scroll of magic mapping for 38 gold pieces
  2470 | D        | Bought 2 scrolls of enchant armour for 165 gold pieces
  2693 | D        | Bought a runed chain mail for 210 gold pieces
  2771 | D        | Noticed Erica
  2779 | D        | Killed Erica
  2787 | D        | Noticed Joseph
  2796 | D        | Killed Joseph
  2796 | D        | Reached skill level 20 in Long Blades
  2796 | D        | Reached skill level 1 in Evocations
  2910 | D        | Noticed a tengu warrior
  2910 | D        | Noticed a centaur warrior
  2917 | D        | Killed a tengu warrior
  2920 | D        | Noticed a centaur warrior
  2930 | D        | Noticed a vampire mage
  2935 | D        | Killed a centaur warrior
  2935 | D        | Received a gift from Trog
  2936 | D        | Noticed a purple very ugly thing
  2947 | D        | Killed a centaur warrior
  2953 | D        | Killed a vampire mage
  2955 | D        | Received a gift from Trog
  2956 | D        | Noticed a deep troll shaman
  2958 | D        | Noticed an ettin
  2964 | D        | Killed a purple very ugly thing
  2964 | D        | Reached skill level 21 in Long Blades
  2967 | D        | Reached XP level 13. HP: 56/118 MP: 13/13
  2978 | D        | Killed an ettin
  2978 | D        | Received a gift from Trog
  3221 | D        | Got a translucent great sword {god gift}
  3222 | D        | Identified the +7 great sword of the Iron City of Dis
                  | {vorpal, rPois} (Trog gifted it to you in the Dungeon)
  3369 | D        | Noticed Sonja
  3372 | D        | Killed Sonja
  3440 | D        | Noticed Agnes
  3449 | D        | Killed Agnes
  3688 | D        | Received a gift from Trog
  3696 | D        | Noticed an emperor scorpion
  3709 | D        | Killed an emperor scorpion
  3709 | D        | Reached skill level 22 in Long Blades
  4001 | D        | Received a gift from Trog
  4007 | D        | Noticed an anaconda
  4028 | D        | Killed an anaconda
  4031 | D        | Received a gift from Trog
  4041 | D        | Noticed a thorn hunter
  4049 | D        | HP: 3/122 [thorn hunter (7)]
  4050 | D        | Mangled by a thorn hunter

Illustrated notes

Levels and vault maps discovered:
D:        linesprint [early_d, line_temple, items_1, d_10, items_2, lair_1,
          lair_end, items_3, orc_1, orc_end, items_4, d_15, swamp_1, shoals_1,
          snake_1, spider_1, d_20, vaults_1, items_5, swamp_end, shoals_end,
          snake_end, spider_end, vaults_end, d_27, items_6, zot_1, zot_end,
          crypt_end, forest_end, elf_end, slime_end, tomb_end, abyss_end,
          pan_hell_end]

Skill      XL: |  1  2  3  4  5  6  7  8  9 10 11 12 13 |
---------------+----------------------------------------+-----
Fighting       | 4 6 7 8 9 10 11 12 14 16 18 | 18.0
Long Blades    | 4 6 8 9 11 12 14 16 19 21 22 | 22.5
Armour         | 3 4 5 6 8 9 10 11 13 | 13.5
Dodging        | 3 5 6 7 8 9 10 11 | 11.6
Stealth        | 1 2 3 |  3.7
Evocations     | 2 4 |  4.4

Action                   |  1- 3 |  4- 6 |  7- 9 | 10-12 | 13-15 || total
-------------------------+-------+-------+-------+-------+-------++-------
Melee: Falchion          |    23 |     9 |       |       |       ||    32
       Scimitar          |       |     9 |    57 |    13 |       ||    79
       Triple sword      |       |       |       |    21 |       ||    21
       Great sword       |       |       |       |   174 |    48 ||   222
Invok: Berserk           |     1 |       |     2 |     6 |     1 ||    10
       Brothers in Arms  |       |       |       |     2 |       ||     2
Evoke: Wand              |       |       |       |     3 |     1 ||     4
       Condenser vane    |       |       |       |       |     4 ||     4
  Use: Potion            |     1 |       |       |     1 |       ||     2
Armor: Animal skin       |     1 |     1 |       |       |       ||     2
       Scale mail        |       |     3 |    18 |    23 |    27 ||    71
       Chain mail        |       |       |       |    37 |     2 ||    39
Dodge: Dodged            |    17 |    15 |    38 |   109 |    40 ||   219
       Rpst.: Falchion   |     9 |     4 |       |       |       ||    13
       Scimitar          |       |     3 |     9 |     4 |       ||    16
       Triple sword      |       |       |       |     4 |       ||     4
       Great sword       |       |       |       |    32 |    11 ||    43

Table legend: (Time is in decaauts)
 A = Elapsed time spent in this place.
 B = Non-inter-level travel time spent in this place.
 C = Inter-level travel time spent in this place.
 D = Time resting spent in this place.
 E = Time spent auto-exploring this place.
 F = Levels seen in this place.
 G = Mean time per level.
                   A        B        C        D        E       F      G
               +--------+--------+--------+--------+--------+-----+--------+
         Total |   4056 |   4056 |      0 |   2226 |    509 |   1 | 4056.0 |
       Dungeon |   4056 |   4056 |      0 |   2226 |    509 |   1 | 4056.0 |
               +--------+--------+--------+--------+--------+-----+--------+

Top non-repeatable levels by time:
       D: 4056 daAuts
